 Dungeon Crawl Stone Soup version 0.30-a0-165-g1891117ce2 (webtiles) character file.

Game seed: 11810709585951349668

173 qw the Chopper (level 5, -10/32 HPs)
             Began as a Gargoyle Fighter on Sept 28, 2022.
             Mangled by a gnoll
             ... wielding a +0 halberd
             ... led by a gnoll sergeant
              (12 damage)
             ... on level 3 of the Dungeon.
             The game lasted 00:01:02 (2486 turns).

qw the Chopper (Gargoyle Fighter)                   Turns: 2486, Time: 00:01:02

Health: -10/32     AC: 10    Str: 27    XL:     5   Next: 53%
Magic:  5/5        EV:  9    Int:  9    God:
Gold:   156        SH:  9    Dex:  9    Spells: 4/4 levels left

rFire   . . .      SeeInvis .    Y - +0 war axe
rCold   + . .      Faith    .    c - +0 buckler
rNeg    + + .      Spirit   .    b - +0 scale mail
rPois   inf        Reflect  +    (no helmet)
rElec   +          Harm     .    (no cloak)
rCorr   .          Rampage  .    (no gloves)
Will    +....                    (no boots)
Stlth   ..........               i - amulet of reflection
HPRegen 0.10/turn                o - ring of protection from cold
MPRegen 0.09/turn                f - ring of Ceoshrae {rPois rN+ Will+ Str+6}

@: about to teleport
A: sickness immunity, AC +4, negative energy resistance 1, electricity
resistance, torment resistance 1, petrification resistance
a: no special abilities


You were on level 3 of the Dungeon.
You visited 1 branch of the dungeon, and saw 3 of its levels.

You collected 156 gold pieces.


Innate Abilities, Weirdness & Mutations

You are immune to sickness and miasma.
Your stone body is resilient. (AC +4)
You are immune to poison.
You resist negative energy. (rN+)
You are resistant to electric shocks. (rElec)
You are resistant to unholy torment.
You are immune to petrification.


   Skills:
 - Level 3.2 Fighting
 - Level 5.0 Axes
 - Level 3.2 Armour
 + Level 0.4 Dodging
 - Level 3.2 Shields


You had 4 spell levels left.
You didn't know any spells.
Your spell library was empty.

Inventory:

Hand Weapons
 l - a +0 whip of electrocution
 Y - a +0 war axe (weapon)
Armour
 b - a +0 scale mail (worn)
 c - a +0 buckler (worn)
Jewellery
 f - the ring of Ceoshrae (right hand) {rPois rN+ Will+ Str+6}
   (You acquired it on level 2 of the Dungeon)

   [ring of willpower]

   Str:       It affects your strength (+6).
   rPois:     It protects you from poison.
   rN:        It protects you from negative energy.
   Will:      It increases your willpower.
 h - a ring of protection from cold
 i - an amulet of reflection (around neck)
 m - a ring of positive energy
 o - a ring of protection from cold (left hand)
Scrolls
 a - a scroll of identify
 g - 2 scrolls of teleportation
Potions
 d - a potion of might
 k - a potion of curing
 n - a potion of berserk rage {unknown}

Dungeon Overview and Level Annotations

Branches:
Dungeon (3/15)

Altars:

Shops:
D:2 :

Annotations:
D:3 3 runed translucent doors, qw's ghost, amateur GrFi


Message History

You slash the gnoll! The gnoll sergeant barely misses you.
The gnoll barely misses you. The gnoll hits you with a +0 club.
The gnoll hits you from afar with a +0 spear.
The gnoll misses you. You block the gnoll's attack.
The gnoll sergeant closely misses you. The gnoll hits you but does no damage.
You slash the gnoll sergeant!
You kill the gnoll sergeant!
You hit the gnoll but do no damage. You block the gnoll's attack.
The gnoll barely misses you. You block the gnoll's attack.
The dart slug launches a dart at you. The slug dart hits you.
Your Axes skill increases to level 5!
You have reached level 5!
You closely miss the gnoll.
The gnoll is almost dead.
The gnoll hits you but does no damage.
The gnoll hits you from afar with a +0 spear.
You block the gnoll's attack.
2481 ||| READING 4 scrolls of teleportation.
As you read the scroll of teleportation, it crumbles to dust.
You feel strangely unstable. The gnoll closely misses you.
You block the gnoll's attack. x2
The dart slug launches a dart at you. The slug dart misses you.
You hit the gnoll.
You kill the gnoll!
The gnoll closely misses you. The gnoll hits you but does no damage.
You block the gnoll's attack. x2
Your surroundings seem slightly different.
2484 ||| READING 3 scrolls of teleportation.
As you read the scroll of teleportation, it crumbles to dust.
You feel strangely unstable. The gnoll hits you with a +0 spear.
You block the gnoll's attack.
You hit the dart slug.
The dart slug is moderately wounded.
You barely miss the gnoll. You slash the gnoll!
You block the dart slug's attack. The gnoll barely misses you.
The gnoll hits you with a +0 halberd!
You die...

.............?.
................ #
#..............
.##............# #
..............###.. .
#................#
#..#..........).....#
#.......w..........#
#...@g..).......#
.........g......#####
................#
................#
........#######.#
........# .#
######### .#


You could see 2 gnolls and a dart slug.

Vanquished Creatures
  A gnoll sergeant (D:3)
  An adder (D:2)
  A gnoll (D:3)
  A worm (D:2)
  A dart slug (D:1)
  6 ball pythons
  4 bats
  6 endoplasms
  3 giant cockroaches (D:1)
  13 goblins
  9 hobgoblins
  9 jackals (D:1)
  2 quokkas
  3 frilled lizards (D:1)
  6 kobolds
  7 rats
73 creatures vanquished.

Notes
Turn   | Place    | Note
-------+----------+-------------------------------------------
     0 | D:1      | qw the Gargoyle Fighter began the quest for the Orb.
     0 | D:1      | Reached XP level 1. HP: 14/14 MP: 1/1
     0 | D:1      | 0 ||| qw: Version: 0.2-a-12-gaebbb33
     0 | D:1      | 0 ||| qw: Game counter: 888
     0 | D:1      | 0 ||| qw: Always use a shield: true
     0 | D:1      | 0 ||| qw: God list: Okawaru
     0 | D:1      | 0 ||| qw: Allow faded altars: false
     0 | D:1      | 0 ||| qw: Do Orc after D:15 true
     0 | D:1      | 0 ||| qw: Do second Lair branch before Depths: true
     0 | D:1      | 0 ||| qw: Lair rune preference: random
     0 | D:1      | 0 ||| qw: Plans: Normal, Zot:1-4, God:TSO, Crypt, Tomb,
                  | Pan, Slime:5, Hells, Abyss, Orb
     0 | D:1      | 0 ||| PLANNING D:1-11
    27 | D:1      | Reached skill level 2 in Axes
    96 | D:1      | 96 ||| DROPPING +0 club.
   110 | D:1      | 110 ||| Stepping ~*~*~tactically~*~*~ (stealth).
   114 | D:1      | Reached XP level 2. HP: 18/19 MP: 2/2
   211 | D:1      | 211 ||| Stepping ~*~*~tactically~*~*~ (stealth).
   511 | D:1      | Reached skill level 3 in Axes
   537 | D:1      | Reached XP level 3. HP: 23/23 MP: 3/3
   616 | D:1      | 616 ||| Stepping ~*~*~tactically~*~*~ (stealth).
   770 | D:1      | 770 ||| DROPPING +0 whip.
   808 | D:1      | Found a faded altar of an unknown god.
  1148 | D:1      | 1148 ||| UPGRADING to amulet of reflection.
  1153 | D:1      | 1153 ||| UPGRADING to ring of protection from cold.
  1154 | D:1      | 1154 ||| READING scroll labelled OLLOABETHE.
  1155 | D:1      | 1155 ||| READING 4 scrolls labelled DUULANLAIFO.
  1158 | D:1      | 1158 ||| READING 3 scrolls labelled QOITSA GOENUUG.
  1159 | D:1      | 1159 ||| READING scroll labelled ESMYUCH FUSHAK.
  1210 | D:1      | 1210 ||| DROPPING 2 scrolls of magic mapping.
  1266 | D:2      | 1266 ||| Stepping ~*~*~tactically~*~*~ (hiding).
  1359 | D:2      | 1359 ||| Stepping ~*~*~tactically~*~*~ (stealth).
  1365 | D:2      | Reached XP level 4. HP: 26/28 MP: 4/4
  1523 | D:2      | Found Etautopu's Book Boutique.
  1787 | D:2      | Reached skill level 4 in Axes
  2135 | D:2      | 2135 ||| Stepping ~*~*~tactically~*~*~ (stealth).
  2140 | D:2      | 2140 ||| Stepping ~*~*~tactically~*~*~ (stealth).
  2429 | D:2      | 2429 ||| UPGRADING to ring of positive energy.
  2430 | D:2      | 2430 ||| UPGRADING to ring of protection from cold.
  2432 | D:2      | 2432 ||| READING scroll labelled PYCADA KIACRUZ.
  2432 | D:2      | Identified a scroll of acquirement
  2432 | D:2      | 2432 ||| ACQUIRING ring of Ceoshrae {rPois rN+ Will+ Str+6}
  2432 | D:2      | Acquired the ring of Ceoshrae {rPois rN+ Will+ Str+6}
  2434 | D:2      | 2434 ||| UPGRADING to ring of Ceoshrae {rPois rN+ Will+
                  | Str+6}.
  2436 | D:2      | 2436 ||| READING scroll labelled WUHUXIASUAN.
  2437 | D:2      | 2437 ||| DRINKING 2 dark potions.
  2438 | D:2      | 2438 ||| READING 2 scrolls of identify.
  2438 | D:2      | 2438 ||| IDENTIFYING sedimented black potion
  2439 | D:2      | 2439 ||| DROPPING potion of flight.
  2469 | D:3      | Found a runed translucent gate.
  2469 | D:3      | Found a runed translucent gate.
  2469 | D:3      | Found a runed translucent gate.
  2470 | D:3      | Noticed qw's ghost (amateur GrFi)
  2471 | D:3      | 2471 ||| READING 5 scrolls of teleportation.
  2473 | D:3      | Noticed a gnoll sergeant
  2479 | D:3      | Killed a gnoll sergeant
  2480 | D:3      | Reached skill level 5 in Axes
  2480 | D:3      | Reached XP level 5. HP: 10/32 MP: 5/5
  2480 | D:3      | HP: 5/32 [gnoll/+0 spear[a gnoll sergeant] (5)]
  2481 | D:3      | 2481 ||| READING 4 scrolls of teleportation.
  2484 | D:3      | 2484 ||| READING 3 scrolls of teleportation.
  2485 | D:3      | HP: 2/32 [gnoll/+0 spear[a gnoll sergeant] (4)]
  2486 | D:3      | Mangled by a gnoll

Levels and vault maps discovered:
D:1:      shiori_arrival_maze, layout_basic,
          hellmonk_ecumenical_altar_dog_temple, corner_web_ring,
          minmay_pentomino_v4
D:2:      kennysheep_the_goblin_king, layout_loops_corners, serial_shops,
          shop_coins, minmay_cut_off
D:3:      layout_basic, mainiacjoe_overflow_small_starburst,
          gammafunk_ghost_split, kennysheep_generic_room_15

Skill      XL: |  1  2  3  4 |
---------------+-------------+-----
Axes           | 2 3 5 |  5.0
Fighting       | |  3.2
Armour         | |  3.2
Dodging        | |  0.4
Shields        | |  3.2

Action                   |  1- 3 |  4- 6 || total
-------------------------+-------+-------++-------
Melee: War axe           |   134 |    80 ||   214
  Use: Scroll            |     4 |     6 ||    10
       Potion            |       |     1 ||     1
Armor: Scale mail        |    69 |    26 ||    95
Dodge: Dodged            |    60 |    45 ||   105
Block: Buckler           |    34 |    53 ||    87
       Reflection        |     2 |       ||     2

Table legend:
 A = Non-vault XP
 B = Vault XP
 C = Vault XP percentage of total XP
 D = Non-vault monster count
 E = Vault monster count
 F = Vault count percentage of total count
                 A         B        C        D         E       F
            +---------+---------+-------+---------+---------+-------
      Total |     207 |      41 |  16.5 |      52 |      21 |  28.8
            +---------+---------+-------+---------+---------+-------
        D:1 |      50 |      25 |  33.3 |      29 |      12 |  29.3
        D:2 |      48 |      16 |  25.0 |      20 |       9 |  31.0
        D:3 |     109 |       0 |   0.0 |       3 |       0 |   0.0
            +---------+---------+-------+---------+---------+-------
